 Dungeon Crawl Stone Soup version 0.29.1-13-g9f3cf754e1 (webtiles) character file.

Game seed: 12967251336133031338

210 Priul the Caller (level 5, -3/38 HPs)
             Began as a Demigod Summoner on Feb 1, 2023.
             Splashed by a jelly's acid (5 damage)
             ... on level 4 of the Dungeon.
             The game lasted 00:23:44 (4283 turns).

Priul the Caller (Demigod Summoner)                 Turns: 4283, Time: 00:23:44

Health: -3/38      AC: -2    Str:  9    XL:     5   Next: 31%
Magic:  12/13      EV: 16    Int: 21    God:
Gold:   136        SH:  0    Dex: 14    Spells: 1/10 levels left

rFire   . . .      SeeInvis +   n - +2 war axe (vamp)
rCold   . . .      Faith    .   (no shield)
rNeg    . . .      Spirit   .   a - +0 robe
rPois   .          Reflect  .   (no helmet)
rElec   .          Harm     .   (no cloak)
rCorr   .          Rampage  .   (no gloves)
Will    .....                   (no boots)
Stlth   ++........              (no amulet)
HPRegen 0.12/turn               h - ring of see invisible
MPRegen 0.13/turn               l - +4 ring of evasion

@: mighty, corroded
A: high MP 1, forlorn, divine attributes
a: no special abilities


You were on level 4 of the Dungeon.
You visited 1 branch of the dungeon, and saw 4 of its levels.

You collected 136 gold pieces.

Inventory:

Hand Weapons
 e - a +1 dagger of venom
 n - a +2 vampiric war axe (weapon)
Missiles
 d - 30 stones (quivered)
 r - 5 atropa-tipped darts
 s - 2 javelins
 v - 6 silver javelins
Armour
 a - a +0 robe (worn)
Jewellery
 h - a ring of see invisible (left hand)
 l - a +4 ring of evasion (right hand)
Wands
 t - a wand of paralysis (15)
Scrolls
 f - 2 scrolls of immolation {unknown}
 j - 2 scrolls of identify {unknown}
 k - 3 scrolls of teleportation {unknown}
 u - a scroll of summoning {unknown}
Potions
 b - a potion of magic
 c - 2 potions of might
 g - 3 potions of curing {unknown}
 i - 2 potions of flight {unknown}
 m - 2 potions of brilliance {unknown}
 o - a potion of berserk rage {unknown}
 p - a potion of invisibility {unknown}
 q - a potion of heal wounds {unknown}


   Skills:
 + Level 1.4 Axes
 + Level 2.1 Dodging
 + Level 2.2 Stealth
 + Level 3.4 Spellcasting
 + Level 4.6 Summonings


You had one spell level left.
You knew the following spells:

 Your Spells              Type           Power      Damage    Failure   Level
a - Summon Small Mammal   Summ           92%        N/A       1%          1
b - Call Imp              Summ           23%        N/A       2%          2
c - Call Canine Familiar  Summ           23%        N/A       5%          3
d - Summon Guardian Gole  Hex/Summ       13%        N/A       14%         3

Your spell library contained the following spells:

 Spells                   Type           Power      Damage    Failure   Level
 Freeze                   Ice            12%        1d4       13%         1
 Frozen Ramparts          Ice            6%         1d1       36%         3
 Summon Lightning Spire   Summ/Air       13%        N/A       43%         4
 Hailstorm                Conj/Ice       3%         3d3       77%         4


Dungeon Overview and Level Annotations

Branches:
Dungeon (4/15)
 Temple: D:4-7


Innate Abilities, Weirdness & Mutations

You have an increased reservoir of magic. (+10% MP)
You shall have no god before yourself.
Your divine heritage dramatically boosts your attributes as you level up.


Message History

You swap places.
You swap places.
You see here 6 silver javelins.
v - 6 silver javelins You swap places.
You swap places.
Your hound disappears in a puff of smoke!
You hear a distant slurping noise.
A jelly comes into view.
You swap places.
Your shadow imp hits the jelly.
Your shadow imp is burned by acid!
The jelly hits your shadow imp but does no damage.
Your shadow imp hits the jelly.
The acid corrodes your shadow imp!
Your shadow imp is burned by acid!
Your shadow imp dies!
Your shadow imp disappears in a puff of smoke!
Casting: Call Canine Familiar (dangerous; 5% risk of failure)
Confirm with . or Enter, or press ? or * to list all spells.
A shadowy apparition takes form in the air.
Your shadow imp completely misses the jelly.
The jelly attacks as you move away! The jelly hits you.
You are splashed with acid!
* * * LOW HITPOINT WARNING * * *
The jelly attacks as you move away! The jelly misses you.
It was a potion of might.
You feel very mighty all of a sudden. The jelly hits you.
* * * LOW HITPOINT WARNING * * *
You are splashed with acid!
* * * LOW HITPOINT WARNING * * *
Your shadow imp hits the jelly.
Your shadow imp is burned by acid!
You barely miss the jelly.
The jelly is severely wounded.
The jelly closely misses you.
Your shadow imp barely misses the jelly.
The jelly barely misses you.
You hit the jelly.
You feel better. The acid corrodes you!
Your hands burn!
You die...

######## # ### . ..#
############ # #.#
#.J@...#...## # #.#
#5####...#..### ######.# #.#
##..P...... ....##.# #.#
#..♣~~.~...
###.##.#######.###..≈~~~~~#.
# #.#.......##.......~~~~.#
###.#..####.######.#P~.~~.#
.......# #.# #.#......#
###.#.#####.# #.#####.##


You could see a jelly (ally target) and a friendly shadow imp (summoned).

Vanquished Creatures
  A gnoll (D:1)
  A dart slug (D:4)
  A goblin (D:3)
  A jackal (D:1)
  A kobold (D:2)
  A quokka (D:1)
  A rat (D:3)
7 creatures vanquished.

Vanquished Creatures (collateral kills)
  A nameless horror (D:2)
  A jelly (D:4)
  An orc priest (D:4)
  2 adders
  A shadow imp (D:4)
  A white imp (D:4)
  An ufetubus (D:4)
  2 worms
  6 orcs
  4 ball pythons
  9 bats
  6 endoplasms
  5 giant cockroaches
  6 goblins
  4 hobgoblins
  8 jackals
  5 quokkas
  4 frilled lizards
  6 kobolds
  5 rats
78 creatures vanquished.

Grand Total: 85 creatures vanquished

Notes
Turn   | Place    | Note
-------+----------+-------------------------------------------
     0 | D:1      | Priul the Demigod Summoner began the quest for the Orb.
     0 | D:1      | Reached XP level 1. HP: 14/14 MP: 5/5
   371 | D:1      | Reached XP level 2. HP: 15/20 MP: 1/7
   503 | D:1      | Reached skill level 4 in Summonings
   555 | D:1      | Learned a level 2 spell: Call Imp
   955 | D:1      | Reached XP level 3. HP: 26/26 MP: 9/9
  1121 | D:2      | Learned a level 3 spell: Call Canine Familiar
  2067 | D:3      | Noticed a nameless horror
  2087 | D:2      | Killed a nameless horror
  2465 | D:3      | Reached XP level 4. HP: 11/33 MP: 8/11
  2474 | D:3      | Learned a level 3 spell: Summon Guardian Golem
  4071 | D:4      | Reached skill level 1 in Axes
  4071 | D:4      | Reached XP level 5. HP: 34/38 MP: 4/12
  4281 | D:4      | HP: 1/38 [acid (7)]
  4283 | D:4      | Splashed by a jelly's acid

Illustrated notes

Levels and vault maps discovered:
D:1:      scummos_arrival_simple_crosswalls, layout_basic
D:2:      layout_basic, basic_ecumenical_altar, kennysheep_generic_room_2
D:3:      layout_loops_ring, serial_rivers, chequers_serial_rivers_micro_c,
          chequers_serial_rivers_micro_d, chequers_serial_rivers_micro_c,
          chequers_serial_rivers_small_b, chequers_serial_rivers_micro_e,
          chequers_serial_rivers_large_b
D:4:      layout_loops_corners, serial_demonic, serial_demonic_e,
          serial_demonic_f, serial_demonic_c, serial_demonic_g,
          grunt_decor_one_mirror

Skill      XL: |  1  2  3  4 |
---------------+-------------+-----
Spellcasting   | 2 3 |  3.4
Summonings     | 4 |  4.6
Stealth        | 2 |  2.2
Dodging        | 2 |  2.1
Axes           | 1 |  1.4

Action                   |  1- 3 |  4- 6 || total
-------------------------+-------+-------++-------
Melee: Dagger            |    23 |       ||    23
       Unarmed           |     1 |       ||     1
       War axe           |     2 |    15 ||    17
 Cast: Summon Small Mamm |    36 |       ||    36
       Call Imp          |    13 |     8 ||    21
       Call Canine Famil |     9 |     6 ||    15
       Summon Guardian G |       |     1 ||     1
  Use: Potion            |       |     1 ||     1
 Stab: Distracted        |     1 |       ||     1
Armor: Robe              |    18 |     9 ||    27
Dodge: Dodged            |    70 |    47 ||   117
